 Dungeon Crawl Stone Soup version 0.29-a0-451-gfbfa42419e (webtiles) character file.

Game seed: 6536067712305222817

396 Faeu the Chopper (level 6, -2/84 HPs)
             Began as a Minotaur Berserker on May 19, 2022.
             Was a Priest of Trog.
             Slain by a gnoll
             ... wielding a +0 flail of distortion
             ... led by a gnoll shaman
              (5 damage)
             ... on level 4 of the Dungeon.
             The game lasted 00:07:15 (3344 turns).

Faeu the Chopper (Minotaur Berserker)               Turns: 3344, Time: 00:07:15

Health: -2/84      AC: 12    Str: 23    XL:     6   Next: 52%
Magic:  5/5        EV:  8    Int:  4    God:    Trog [***...]
Gold:   136        SH:  0    Dex: 16    Spells: 5/5 levels left

rFire   . . .      SeeInvis .   a - +0 hand axe
rCold   + . .      Faith    .   (no shield)
rNeg    + . .      Spirit   .   s - +0 plate armour
rPois   .          Reflect  .   (helmet restricted)
rElec   .          Harm     .   (no cloak)
rCorr   .          Rampage  .   (no gloves)
Will    +++..      Clarity  +   (no boots)
Stlth   ..........              q - amulet of the Four Winds {rN+ Will+++ Clar}
HPRegen 0.24/turn               d - ring of protection from cold
MPRegen 0.09/turn               o - +6 ring of dexterity

@: berserking, very quick
A: horns 2, retaliatory headbutt
a: Renounce Religion, Berserk, Trog's Hand


You were on level 4 of the Dungeon.
You worshipped Trog.
Trog was most pleased with you.
You visited 1 branch of the dungeon, and saw 4 of its levels.
You also visited: Sewer.

You collected 136 gold pieces.

Inventory:

Hand Weapons
 a - a +0 hand axe (weapon)
Armour
 b - a +0 animal skin
 s - a +0 plate armour (worn)
Magical Staves
 k - a staff of cold
Jewellery
 d - a ring of protection from cold (left hand)
 h - a +6 ring of intelligence
 o - a +6 ring of dexterity (right hand)
 q - the amulet of the Four Winds (around neck) {rN+ Will+++ Clar}
   (You found it in a sewer)

   [amulet of nothing]

   rN:        It protects you from negative energy.
   Clar:      It protects you against confusion.
   Will:      It greatly increases your willpower.
Wands
 r - a wand of paralysis (6)
Scrolls
 c - a scroll of fear {unknown}
 f - a scroll of enchant armour {unknown}
 g - 5 scrolls of identify {unknown}
 j - 3 scrolls of teleportation {unknown}
 l - a scroll of vulnerability {unknown}
 p - a scroll of amnesia {unknown}
Potions
 e - a potion of degeneration {unknown}
 i - a potion of haste {unknown}
 m - a potion of brilliance {unknown}
 n - 2 potions of ambrosia {unknown}
 t - a potion of berserk rage {unknown}


   Skills:
 + Level 5.3 Fighting
 + Level 5.4 Axes
 + Level 4.7 Armour
 + Level 4.2 Dodging


You had 5 spell levels left.
You didn't know any spells.
Your spell library was empty.

Dungeon Overview and Level Annotations

Branches:
Dungeon (4/15)              Sewer (visited)
 Temple: D:4-7

Altars:


Innate Abilities, Weirdness & Mutations

You have a pair of horns on your head.
You reflexively headbutt those who attack you in melee.


Message History

You see here a +0 mace.
An orc is nearby!
You slash the orc!
You kill the orc!
Trog accepts your kill.
A gnoll comes into view.
It is wielding a +0 flail of distortion.
A gnoll comes into view. It is wielding a +0 spear.
The gnoll shouts! x2; You hear a shout!
The gnoll hits you but does no damage. Space warps around you.
The gnoll hits you from afar with a +0 spear.
You hear a shout!
Things that are here:
a +0 short sword; a +0 leather armour
There are monsters nearby!
You closely miss the gnoll. The gnoll hits you but does no damage.
Space warps around you.
The gnoll hits you from afar with a +0 spear.
There are monsters nearby!
You hit the gnoll.
The gnoll is moderately wounded.
A gnoll comes into view. It is wielding a +0 flail.
The gnoll hits you but does no damage. Space warps around you.
The gnoll hits you from afar with a +0 spear.
The gnoll hits you but does no damage. Space warps horribly around you!
* * * LOW HITPOINT WARNING * * *
The gnoll barely misses you.
A red film seems to cover your vision as you go berserk!
You feel yourself moving faster!
You feel mighty! The gnoll barely misses you.
The gnoll hits you with a +0 flail of distortion.
* * * LOW HITPOINT WARNING * * *
Space warps around you.
* * * LOW HITPOINT WARNING * * *
You hit the gnoll.
The gnoll is severely wounded.
You barely miss the gnoll.
The gnoll is severely wounded.
The gnoll completely misses you.
A gnoll shaman comes into view. It is wielding a +0 whip.
The gnoll hits you with a +0 flail of distortion.
You die...

#)....#
#.##.#####.#
#.........#
###.###.####.#
............#
###.###.####.#
###.###.#
#......)#
.......@#
..#.###.ggg# #
#....g...
#..###### ...#
#..# #..# #..#


You could see a gnoll shaman and 3 gnolls.

Vanquished Creatures
  2 bullfrogs (Sewer)
  A jelly (D:4)
  2 orc priests (D:4)
  8 adders
  3 dart slugs (D:1)
  5 orcs (D:4)
  8 ball pythons
  9 endoplasms
  13 giant cockroaches
  5 hobgoblins
  9 kobolds
  6 quokkas
  3 bats
  12 frilled lizards
  5 goblins
  7 rats
98 creatures vanquished.

Notes
Turn   | Place    | Note
-------+----------+-------------------------------------------
     0 | D:1      | Faeu the Minotaur Berserker began the quest for the Orb.
     0 | D:1      | Reached XP level 1. HP: 19/19 MP: 0/0
   255 | D:1      | Reached XP level 2. HP: 15/27 MP: 1/1
   589 | D:1      | Reached ** piety under Trog
   678 | D:1      | Found a faded altar of an unknown god.
   686 | D:1      | Reached XP level 3. HP: 30/33 MP: 2/2
  1647 | D:3      | Reached XP level 4. HP: 27/40 MP: 3/3
  2116 | D:3      | Noticed an ogre
  2138 | D:3      | Found a glowing drain.
  2180 | Sewer    | Entered a sewer
  2209 | Sewer    | Reached *** piety under Trog
  2256 | Sewer    | Reached XP level 5. HP: 44/47 MP: 4/4
  2347 | Sewer    | Found the amulet of the Four Winds {rN+ Will+++ Clar}
  2363 | Sewer    | Reached skill level 5 in Axes
  2365 | Sewer    | Reached skill level 5 in Fighting
  2365 | Sewer    | Reached XP level 6. HP: 22/56 MP: 5/5
  3342 | D:4      | HP: 2/84 [gnoll/+0 flail of distortion[a gnoll shaman] (6)]
  3344 | D:4      | Slain by a gnoll

Illustrated notes

Levels and vault maps discovered:
D:1:      dpeg_arrival_leaves_temple_mockup, layout_rooms,
          ebering_ecumenical_altar_mist
D:2:      layout_rooms, kennysheep_potato
D:3:      layout_basic, gup_sewer_entry_glass, lightli_corner_chamber
D:4:      layout_basic

Skill      XL: |  1  2  3  4  5  6 |
---------------+-------------------+-----
Axes           | 4 5 |  5.4
Fighting       | 4 5 |  5.3
Armour         | 3 4 |  4.7
Dodging        | 3 4 |  4.2

Action                   |  1- 3 |  4- 6 || total
-------------------------+-------+-------++-------
Melee: Hand axe          |    80 |   126 ||   206
       Headbutt          |     9 |    12 ||    21
Invok: Berserk           |       |     2 ||     2
Armor: Animal skin       |    18 |    17 ||    35
       Plate armour      |       |    12 ||    12
Dodge: Dodged            |    60 |    93 ||   153

Table legend: (Time is in decaauts)
 A = Elapsed time spent in this place.
 B = Non-inter-level travel time spent in this place.
 C = Inter-level travel time spent in this place.
 D = Time resting spent in this place.
 E = Time spent auto-exploring this place.
 F = Levels seen in this place.
 G = Mean time per level.
                   A        B        C        D        E       F      G
               +--------+--------+--------+--------+--------+-----+--------+
         Total |   3481 |   3232 |    249 |    229 |   2151 |   5 |  696.2 |
       Dungeon |   2564 |   2315 |    249 |      0 |   1760 |   4 |  641.0 |
         Sewer |    916 |    916 |      0 |    229 |    391 |   1 |  916.0 |
               +--------+--------+--------+--------+--------+-----+--------+

Top non-repeatable levels by time:
   Sewer: 916 daAuts
     D:1: 884 daAuts
     D:2: 823 daAuts
     D:3: 671 daAuts
     D:4: 185 daAuts
